[Event "Early-Titled-Tuesday-Blitz-January-23-2024"]
[Site "Chess.com"]
[Date "2024.01.23"]
[Round "8"]
[White "Witik"]
[Black "BashiqChess"]
[Result "0-1"]
[WhiteElo "2642"]
[BlackElo "2462"]
[TimeControl "180+1"]
[EndTime "9:25:22 PST"]
[Termination "BashiqChess won by resignation"]

1. e4 c5 2. Nf3 g6 3. c3 Bg7 4. d4 cxd4 5. cxd4 d5 6. e5 Bg4 7. Bb5+ Nc6 8. h3 Bxf3 9. Qxf3 Rc8 10. Nc3 e6 11. Qd1 Ne7 12. O-O O-O 13. g4 Qb6 14.
Be3 f5 15. exf6 Bxf6 16. Bxc6 Nxc6 17. Ne2 Nb4 18. Qb3 Nc2 19. Qxb6 axb6 20. Rac1 Nxe3 21. fxe3 Bg5 22. Rf3 Rxc1+ 23. Nxc1 Rxf3 0-1

[Event "Early-Titled-Tuesday-Blitz-January-23-2024"]
[Site "Chess.com"]
[Date "2024.01.23"]
[Round "8"]
[White "nekotyanof"]
[Black "Byniolus"]
[Result "0-1"]
[WhiteElo "2656"]
[BlackElo "2856"]
[TimeControl "180+1"]
[EndTime "9:25:24 PST"]
[Termination "Byniolus won by resignation"]

1. e4 d6 2. d4 Nf6 3. Nc3 c6 4. Nf3 Bg4 5. Bc4 e6 6. h3 Bh5 7. g4 Bg6 8. Qe2 Be7 9. a4 d5 10. Bd3 O-O 11. e5 Nfd7 12. Bxg6 fxg6 13. h4 c5 14. h5 g5 15. Be3 Nc6 16. dxc5 Rxf3 17.
Qxf3 d4 18. Bd2 Ndxe5 19. Qe4 dxc3 20. Bxc3 Qd5 21. Qxd5 exd5 22. O-O-O Rd8 23. h6 Nxg4 24. Rdg1 Nxh6 25. f4 g4 26. f5 Bxc5 27. Rg2 Be3+ 28. Kb1 d4 29. Be1 Rf8 0-1

[Event "Early-Titled-Tuesday-Blitz-January-23-2024"]
[Site "Chess.com"]
[Date "2024.01.23"]
[Round "8"]
[White "VinzentSpitzl"]
[Black "IlanSchnaider"]
[Result "0-1"]
[WhiteElo "2524"]
[BlackElo "2776"]
[TimeControl "180+1"]
[EndTime "9:25:25 PST"]
[Termination "IlanSchnaider won by resignation"]

1. e4 c5 2. Nf3 d6 3. d4 cxd4 4. Nxd4 Nf6 5. Nc3 a6 6. Bg5 e6 7. Qe2 Be7 8. f4 h6 9. Bxf6 Bxf6 10. O-O-O Qc7 11. Qd2 Be7 12. h4 b5 13. a3 Bb7 14.
g4 Nc6 15. Nf3 Na5 16. Be2 Bf6 17. e5 dxe5 18. g5 e4 19. gxf6 exf3 20. fxg7 Rg8 21.
Nxb5 Nb3+ 0-1

[Event "Early-Titled-Tuesday-Blitz-January-23-2024"]
[Site "Chess.com"]
[Date "2024.01.23"]
[Round "8"]
[White "Mikhail_Golubev"]
[Black "simonachess"]
[Result "1-0"]
[WhiteElo "2512"]
[BlackElo "2350"]
[TimeControl "180+1"]
[EndTime "9:25:46 PST"]
[Termination "Mikhail_Golubev won by resignation"]

1. e4 c5 2. Nf3 Nc6 3. Nc3 g6 4.
d4 cxd4 5. Nxd4 Bg7 6. Be3 Nf6 7. Bc4 d6 8. f3 O-O 9. Qd2 a6 10. h4 Ne5 11. Bb3 b5 12. h5 Nc4 13. Bxc4 bxc4 14. O-O-O Qa5 15. Bh6 Bxh6 16. Qxh6 g5 17. Nc6 Qc7 18.
Rd5 Bf5 19. Rxf5 Kh8 20. Nxe7 Qxe7 21. Qxf6+ Qxf6 22. Rxf6 1-0

[Event "Early-Titled-Tuesday-Blitz-January-23-2024"]
[Site "Chess.com"]
[Date "2024.01.23"]
[Round "8"]
[White "Muslim_player_05"]
[Black "carloseduar100"]
[Result "1-0"]
[WhiteElo "2501"]
[BlackElo "2288"]
[TimeControl "180+1"]
[EndTime "9:25:55 PST"]
[Termination "Muslim_player_05 won by resignation"]

1. d4 d5 2. c4 e5 3. dxe5 d4 4. Nf3 Nc6 5. g3 Nge7 6. Bg2 Ng6 7. O-O Ngxe5 8. Nxe5 Nxe5 9. b3 Bc5 10. Nd2 a5 11.
Ne4 Be7 12. Bb2 c5 13. e3 dxe3 14. Qxd8+ Bxd8 15. Nd6+ Ke7 16. Bxe5 exf2+ 17. Rxf2 f6 18. Nxc8+ Rxc8 19. Bxb7 Bc7 20. Bxc7 Rxc7 21. Re1+ Kf7 22.
Bd5+ Kg6 23. Be4+ Kf7 24. Rfe2 a4 25. bxa4 Ra7 26. Bc6 Rd8 27. Bb5 h5 28. Re8 Rd2 29. Rh8 Kg6 30. Be8+ Kg5 31. Rxh5+ Kg4 32. Rh4+ Kg5 33.
Rh5+ Kg4 34. Rf1 g5 35. Rh6 1-0

[Event "Early-Titled-Tuesday-Blitz-January-23-2024"]
[Site "Chess.com"]
[Date "2024.01.23"]
[Round "8"]
[White "lefonghua"]
[Black "GlavkonVVS"]
[Result "0-1"]
[WhiteElo "2607"]
[BlackElo "2489"]
[TimeControl "180+1"]
[EndTime "9:25:59 PST"]
[Termination "GlavkonVVS won by resignation"]

1. d4 Nf6 2. c4 c5 3. d5 e6 4. Nc3 exd5 5. cxd5 d6 6. e4 g6 7. f4 Bg7 8. Nf3 O-O 9. Be2 Re8 10. Nd2 a6 11. a4 Nbd7 12. O-O c4 13. Bf3 Nc5 14. e5 dxe5 15. fxe5 Rxe5 16. Nxc4 Re8 17. Bg5 h6 18.
Bh4 Bf5 19. d6 Bd3 20. Be2 Rxe2 21. Nxe2 Bxc4 22. Qd4 Bxe2 23. Bxf6 Ne6 24. Qf2 Bxf1 25. Bxd8 Bd4 26. Bb6 Bxf2+ 27. Kxf2 Bc4 28. Rc1 Bd5 29. b4 Bc6 30. a5 f5 31. g3 Kf7 32. Ke3 Nf8 33. Kd4 Nd7 34. Bc7 Re8 35. Kd3 Re4 36. Rb1 Ke6 0-1

[Event "Early-Titled-Tuesday-Blitz-January-23-2024"]
[Site "Chess.com"]
[Date "2024.01.23"]
[Round "8"]
[White "cthulhuuu"]
[Black "margarita_2703"]
[Result "0-1"]
[WhiteElo "2429"]
[BlackElo "2289"]
[TimeControl "180+1"]
[EndTime "9:26:00 PST"]
[Termination "margarita_2703 won on time"]

1. e4 e5 2. Nf3 Nc6 3. Bb5 a6 4. Bxc6 dxc6 5. O-O Bg4 6. h3 h5 7. d3 Qf6 8. Nbd2 g5 9. Nc4 Bd6 10. Bxg5 Qg6 11. hxg4 hxg4 12. Nh4 Qxg5 13. g3 Rxh4 14. gxh4 Qxh4 15. Ne3 Nf6 16. Nf5 Qh3 17. Re1 O-O-O 18. Re3 Qh5 19. Nxd6+ cxd6 20. Qf1 Rh8 21. Qg2 Qh4 22.
Rg3 Rg8 23. Kf1 Nh5 24. Ke2 Nf4+ 0-1

[Event "Early-Titled-Tuesday-Blitz-January-23-2024"]
[Site "Chess.com"]
[Date "2024.01.23"]
[Round "8"]
[White "CSB7"]
[Black "ukchessbomber"]
[Result "0-1"]
[WhiteElo "2728"]
[BlackElo "2686"]
[TimeControl "180+1"]
[EndTime "9:26:05 PST"]
[Termination "ukchessbomber won by resignation"]

1. Nf3 a6 2. e4 b5 3. d4 Bb7 4. Bd3 e6 5. O-O d6 6. Re1 Nd7 7.
Nbd2 Ngf6 8. c3 Be7 9. e5 Nd5 10.
Ne4 O-O 11. Qe2 h6 12. g3 dxe5 13. dxe5 c5 14. h4 Qc7 15. Ned2 Rfd8 16. h5 Nf8 17. Bc2 Bc6 18. Nf1 Qb7 19. N1h2 a5 20. Be4 a4 21. Ng4 a3 22. Nxh6+ gxh6 23. Bxh6 axb2 24. Qxb2 Nf4 25. Qc2 Bxe4 26. Rxe4 Nd3 27. c4 Qxe4 0-1

[Event "Early-Titled-Tuesday-Blitz-January-23-2024"]
[Site "Chess.com"]
[Date "2024.01.23"]
[Round "8"]
[White "ilushka"]
[Black "DavidGavrilescu18"]
[Result "0-1"]
[WhiteElo "2452"]
[BlackElo "2795"]
[TimeControl "180+1"]
[EndTime "9:26:05 PST"]
[Termination "DavidGavrilescu18 won by resignation"]

1. Nf3 g5 2. Nxg5 e5 3. Nf3 e4 4. Ng1 d5 5. d3 Nf6 6. dxe4 Nxe4 7. Nc3 Nxc3 8. bxc3 Bg7 9. Bd2 Nd7 10. e3 Qe7 11. Bd3 Ne5 12. Ne2 Bg4 13. h3 Bh5 14. Qb1 c6 15. Nf4 Bg6 16. Qb4 Qxb4 17. cxb4 Nxd3+ 18. cxd3 Bxa1 19. d4 a5 20. bxa5 Bb2 21. Bb4 b6 22.
axb6 Rxa2 23. O-O Ra1 24. Rxa1 Bxa1 25. Bd6 Kd7 26. Be5 f6 27. Bxf6 Rb8 28. g4 Rxb6 29.
h4 Be4 30. Kh2 Bc3 31. h5 Be1 32. Kg3 Rb3 33. g5 Rxe3+ 34. Kg4 Bxf2 35. g6 Rg3+ 36. Kh4 0-1

[Event "Early-Titled-Tuesday-Blitz-January-23-2024"]
[Site "Chess.com"]
[Date "2024.01.23"]
[Round "8"]
[White "KetiTsatsalashvili"]
[Black "YurasovMat-2012"]
[Result "0-1"]
[WhiteElo "2431"]
[BlackElo "2607"]
[TimeControl "180+1"]
[EndTime "9:26:08 PST"]
[Termination "YurasovMat-2012 won by resignation"]

1. d4 d5 2. Nf3 Nf6 3. e3 Bf5 4.
c4 e6 5. Qb3 Qc8 6. Nc3 c6 7.
Nh4 Be4 8. f3 Bg6 9. Nxg6 hxg6 10.
e4 dxe4 11. fxe4 e5 12. dxe5 Ng4 13. Bf4 Nd7 14. e6 fxe6 15. Be2 Nc5 16. Qc2 e5 17. Bg5 Be7 18. Bxe7 Kxe7 19. Bxg4 Qxg4 20. O-O Ne6 21. Qf2 Rhf8 22. Qe2 Qg5 23. Rad1 Nd4 24. Qd2 Rxf1+ 25. Kxf1 Rf8+ 26. Ke1 Qh4+ 27. g3 Nf3+ 28. Ke2 Qxh2+ 0-1

[Event "Early-Titled-Tuesday-Blitz-January-23-2024"]
[Site "Chess.com"]
[Date "2024.01.23"]
[Round "8"]
[White "eljanov"]
[Black "GHANDEEVAM2003"]
[Result "0-1"]
[WhiteElo "2889"]
[BlackElo "3052"]
[TimeControl "180+1"]
[EndTime "9:26:10 PST"]
[Termination "GHANDEEVAM2003 won by resignation"]

1. d4 e6 2. c4 c5 3. d5 exd5 4. cxd5 d6 5. Nc3 a6 6. a4 g6 7. e4 Bg7 8. h3 Ne7 9. Nf3 O-O 10. Bd3 Nd7 11. O-O f5 12. exf5 Nxf5 13. Bg5 Qb6 14.
Qd2 Ne5 15. Nxe5 Bxe5 16. a5 Qb4 17. Rfe1 Bd7 18. Re4 Nd4 19. f4 Bg7 20. Be7 c4 21. Bc2 Qxb2 22. Ra2 Nb3 23. Bxb3 Qxd2 24. Rxd2 cxb3 25.
Rb2 Rfc8 0-1

[Event "Early-Titled-Tuesday-Blitz-January-23-2024"]
[Site "Chess.com"]
[Date "2024.01.23"]
[Round "8"]
[White "Druid24"]
[Black "K_A_S_T_O_R"]
[Result "0-1"]
[WhiteElo "2702"]
[BlackElo "2887"]
[TimeControl "180+1"]
[EndTime "9:26:10 PST"]
[Termination "K_A_S_T_O_R won by resignation"]

1. e4 c5 2. Nf3 d6 3. d4 cxd4 4. Nxd4 Nf6 5. Nc3 a6 6. Bd3 Nc6 7. Nxc6 bxc6 8. b3 g6 9. Bb2 Bg7 10. Qd2 Qa5 11. O-O-O Ng4 12. Kb1 Nxf2 13. Qxf2 Bxc3 14.
h4 Bxb2 15. Kxb2 Qe5+ 16. Kb1 Bg4 17. Rdf1 Be6 18. h5 g5 19. Qb6 O-O 20. h6 a5 21.
Qc7 a4 22. Qxe7 axb3 23. cxb3 Rxa2 24. Qf6 Ra1+ 25. Kc2 Qxf6 0-1

[Event "Early-Titled-Tuesday-Blitz-January-23-2024"]
[Site "Chess.com"]
[Date "2024.01.23"]
[Round "8"]
[White "N4700000"]
[Black "Djager97"]
[Result "0-1"]
[WhiteElo "2413"]
[BlackElo "2571"]
[TimeControl "180+1"]
[EndTime "9:26:10 PST"]
[Termination "Djager97 won by resignation"]

1. e4 e6 2. d4 d5 3. Bd3 dxe4 4. Bxe4 Nf6 5. Bf3 c5 6. Ne2 Nc6 7. Be3 e5 8. Bxc6+ bxc6 9. dxe5 Qxd1+ 10. Kxd1 Ng4 11.
Nd2 Ba6 12. Nf3 O-O-O+ 13. Ke1 Re8 14. Nf4 Nxe5 15. Nxe5 Rxe5 16. Rd1 Be7 17. Kd2 f5 18. Kc1 g5 19. Nd3 Rd5 20. g3 c4 21. Ne1 Rxd1+ 22.
Kxd1 Rd8+ 23. Kc1 c3 24. Nf3 cxb2+ 25. Kxb2 Bf6+ 26. Kc1 Bc4 27. a3 Bd5 0-1

[Event "Early-Titled-Tuesday-Blitz-January-23-2024"]
[Site "Chess.com"]
[Date "2024.01.23"]
[Round "8"]
[White "wanyaland"]
[Black "hawes33"]
[Result "1-0"]
[WhiteElo "2471"]
[BlackElo "2302"]
[TimeControl "180+1"]
[EndTime "9:26:10 PST"]
[Termination "wanyaland won by resignation"]

1. d4 Nf6 2. c4 c5 3. d5 b5 4.
cxb5 a6 5. bxa6 Bxa6 6. Nc3 g6 7. g3 Bg7 8. Bg2 O-O 9. Nf3 d6 10. O-O Nbd7 11. Rb1 Rb8 12. b3 Qc7 13. Bb2 Rfc8 14. Rc1 c4 15. Nd4 cxb3 16. axb3 Qb7 17. Nc6 Re8 18. Nxb8 Qxb8 19. Re1 Nc5 20. Ra1 Bb5 21.
b4 Ncd7 22. Nxb5 Qxb5 23. Qd2 Rb8 24. h3 Qxb4 25. Qxb4 Rxb4 26. Ra8+ Bf8 27. Bc1 Kg7 28.
Be3 h5 29. Rc1 Rb5 30. Rc7 Nc5 1-0

[Event "Early-Titled-Tuesday-Blitz-January-23-2024"]
[Site "Chess.com"]
[Date "2024.01.23"]
[Round "8"]
[White "martinmena"]
[Black "Kaissa10"]
[Result "0-1"]
[WhiteElo "2059"]
[BlackElo "2286"]
[TimeControl "180+1"]
[EndTime "9:26:16 PST"]
[Termination "Kaissa10 won on time"]

1. c4 e6 2. g3 Nf6 3. Bg2 d5 4.
Nf3 dxc4 5. Qa4+ Nbd7 6. Qxc4 a6 7.
d3 c5 8. O-O b5 9. Qc2 Bb7 10. Nc3 Be7 11. Ng5 Bxg2 12. Kxg2 Ne5 13. Bf4 Nc6 14. Nge4 Nd4 15. Qd2 Nd5 16. Nxd5 exd5 17.
e3 dxe4 18. exd4 Qxd4 19. dxe4 Qxe4+ 20. f3 Qb7 21. Rfe1 O-O 22. Rac1 Rfd8 0-1

[Event "Early-Titled-Tuesday-Blitz-January-23-2024"]
[Site "Chess.com"]
[Date "2024.01.23"]
[Round "8"]
[White "UnTucopalaTimba"]
[Black "BeardedNM"]
[Result "0-1"]
[WhiteElo "1952"]
[BlackElo "2201"]
[TimeControl "180+1"]
[EndTime "9:26:17 PST"]
[Termination "BeardedNM won by resignation"]

1. e4 e6 2. d4 d5 3. exd5 exd5 4. Bd3 Bd6 5. Ne2 Nc6 6. c3 Qh4 7. Nd2 Bg4 8. h3 Nf6 9. Nb3 O-O-O 10. Be3 Rhe8 11.
Qc2 Rxe3 12. O-O-O Bxe2 13. Bf5+ Kb8 14. g3 Qh6 15. Rd2 Re7 16. Kb1 Bh5 17. f4 Bg6 18.
Rf2 Bxf5 19. Qxf5 Qg6 20. Qxg6 hxg6 0-1

[Event "Early-Titled-Tuesday-Blitz-January-23-2024"]
[Site "Chess.com"]
[Date "2024.01.23"]
[Round "8"]
[White "WiktoriaPOL"]
[Black "Carlitus2004"]
[Result "0-1"]
[WhiteElo "2254"]
[BlackElo "2384"]
[TimeControl "180+1"]
[EndTime "9:26:18 PST"]
[Termination "Carlitus2004 won by checkmate"]

1. c4 c6 2. Nf3 d5 3. e3 Nf6 4. Nc3 a6 5. b3 Bf5 6. Bb2 h6 7. d4 e6 8. Bd3 Bxd3 9. Qxd3 Nbd7 10. O-O Be7 11. e4 dxe4 12. Nxe4 Nxe4 13. Qxe4 Nf6 14.
Qd3 O-O 15. Rad1 Qa5 16. Qc2 Rad8 17. Rfe1 Rfe8 18. Re5 Qc7 19. Bc3 Nd7 20. Re2 Bf6 21. Nd2 c5 22. Ne4 Bxd4 23. Bxd4 cxd4 24. Rxd4 Ne5 25.
Red2 Nc6 26. Rd6 f5 27. Rxd8 Rxd8 28. Nc5 Nd4 29. Rxd4 Rxd4 30. Nxe6 Qe5 31. Nxd4 Qe1# 0-1

[Event "Early-Titled-Tuesday-Blitz-January-23-2024"]
[Site "Chess.com"]
[Date "2024.01.23"]
[Round "8"]
[White "Nellichka"]
[Black "BM223344"]
[Result "1-0"]
[WhiteElo "1960"]
[BlackElo "2526"]
[TimeControl "180+1"]
[EndTime "9:26:18 PST"]
[Termination "Nellichka won by resignation"]

1. d4 Nf6 2. c4 g6 3. h4 h5 4.
Nc3 d5 5. Bg5 c6 6. Bxf6 exf6 7.
cxd5 cxd5 8. Qb3 Nc6 9. e3 Bg7 10. Qxd5 Qe7 11. Bc4 O-O 12. Nge2 Nb4 13. Qb5 Nc2+ 14.
Kd2 Nxa1 15. Rxa1 a6 16. Qb3 b5 17. Bd5 Bb7 18. Ke1 Rad8 19. Nf4 f5 20. Nxg6 Qc7 21.
Nxf8 Bxf8 22. Rc1 Bxd5 23. Qd1 Qa5 24. Qxh5 Bg7 25. Kf1 Bc4+ 26. Kg1 b4 27. Ne4 fxe4 28. Qxa5 Rd5 29. Qxb4 Bxa2 30. Qb8+ Kh7 31. Qf4 Rb5 32. Qxe4+ f5 33. Qe8 Rxb2 34. Qh5+ Kg8 35. Rc8+ Bf8 36.
Qg6+ Kh8 1-0

[Event "Early-Titled-Tuesday-Blitz-January-23-2024"]
[Site "Chess.com"]
[Date "2024.01.23"]
[Round "8"]
[White "falzehope0"]
[Black "Rgoltsman"]
[Result "1-0"]
[WhiteElo "2406"]
[BlackElo "2261"]
[TimeControl "180+1"]
[EndTime "9:26:20 PST"]
[Termination "falzehope0 won by checkmate"]

1. d4 g6 2. e3 Bg7 3. Bd3 c5 4. c3 Nf6 5. f4 O-O 6. Nf3 d6 7. O-O Nc6 8. Bc2 Rb8 9. d5 Na5 10. e4 b5 11. f5 b4 12. fxg6 hxg6 13. Ng5 Ng4 14. Qf3 Ne5 15. Qf2 e6 16. Qh4 Re8 17. Bf4 Nac4 18. b3 bxc3 19. bxc4 Rb2 20. Bxe5 Qxg5 21. Qxg5 Bxe5 22. Na3 exd5 23. cxd5 Ba6 24. Rf3 Reb8 25. Qe7 R8b7 26. Qe8+ Kg7 27. Rh3 Be2 28.
Qh8# 1-0

[Event "Early-Titled-Tuesday-Blitz-January-23-2024"]
[Site "Chess.com"]
[Date "2024.01.23"]
[Round "8"]
[White "HajiyevKanan"]
[Black "LeoLV10"]
[Result "0-1"]
[WhiteElo "2573"]
[BlackElo "2453"]
[TimeControl "180+1"]
[EndTime "9:26:24 PST"]
[Termination "LeoLV10 won by resignation"]

1. d4 Nf6 2. Nf3 c5 3. c3 e6 4.
g3 Nc6 5. Bg2 cxd4 6. cxd4 d5 7.
O-O Bd6 8. Nc3 O-O 9. Bg5 Be7 10.
Rc1 a6 11. e3 Bd7 12. Ne5 h6 13.
Bxf6 Bxf6 14. Nxc6 Bxc6 15. Na4 Bxa4 16. Qxa4 b5 17.
Qb4 Be7 18. Qc3 Rc8 19. Qd3 Qb6 20. h4 Qb7 21. a3 a5 22. h5 b4 23. a4 b3 24. e4 dxe4 25. Bxe4 Qb4 26. Bc6 Rfd8 27. d5 Bf6 28. Qb5 exd5 29. Qxb4 axb4 30. Bb7 Rb8 31.
Bc6 Bxb2 32. Rb1 Bc3 33. Rxb3 d4 34. Rd1 d3 35. a5 Rd6 36. Be4 d2 37. Rdb1 d1=Q+ 0-1

[Event "Early-Titled-Tuesday-Blitz-January-23-2024"]
[Site "Chess.com"]
[Date "2024.01.23"]
[Round "8"]
[White "StankovicIvan"]
[Black "Raud100"]
[Result "1-0"]
[WhiteElo "2518"]
[BlackElo "2382"]
[TimeControl "180+1"]
[EndTime "9:26:33 PST"]
[Termination "StankovicIvan won by resignation"]

1. e4 d6 2. c4 Nf6 3. Nc3 c5 4.
g3 Nc6 5. Bg2 g6 6. d3 Bg7 7. Nge2 O-O 8. O-O a6 9. Rb1 Rb8 10. a3 b5 11. cxb5 axb5 12. b4 cxb4 13. axb4 e5 14. h3 Be6 15. Nd5 Qd7 16. Kh2 Bxd5 17.
exd5 Ne7 18. Qb3 Rfc8 19. Be3 Qb7 20. Nc3 Nd7 21. Ne4 Qxd5 22. Nf6+ Nxf6 23. Bxd5 Nexd5 24. Rbc1 h5 25. Rxc8+ Rxc8 26. Rc1 Ra8 27. Rc6 Nxe3 28. fxe3 d5 29. Rc7 Ra1 30. e4 Re1 31. exd5 h4 32. d6 hxg3+ 33. Kxg3 Nh5+ 34. Kf2 Rh1 35. Qxf7+ Kh7 36.
Qxg7+ Nxg7 37. d7 1-0

[Event "Early-Titled-Tuesday-Blitz-January-23-2024"]
[Site "Chess.com"]
[Date "2024.01.23"]
[Round "8"]
[White "Chessdreamer2020"]
[Black "GianmarcoVaR"]
[Result "0-1"]
[WhiteElo "2545"]
[BlackElo "2745"]
[TimeControl "180+1"]
[EndTime "9:26:36 PST"]
[Termination "GianmarcoVaR won by resignation"]

1. e4 c6 2. d4 d5 3. exd5 cxd5 4.
Bd3 Nf6 5. h3 g6 6. c3 Bf5 7. Be2 Nc6 8. Nf3 Bg7 9. Bf4 O-O 10.
O-O h6 11. Nbd2 g5 12. Bg3 e6 13. Ne5 Ne4 14. Nxe4 Bxe4 15. Nxc6 bxc6 16. Bd3 Qb6 17. Bxe4 dxe4 18. Qe2 f5 19. Bd6 Rfd8 20. Bc5 Qb5 21. Qc2 e5 22. Rfd1 exd4 23. Bxd4 Bxd4 24. cxd4 Rd5 25.
Rac1 Rad8 26. Qxc6 Qxc6 27. Rxc6 Rxd4 28. Rxd4 Rxd4 29. Rxh6 Rd1+ 30. Kh2 Kg7 31. Ra6 Rd2 32. Rxa7+ Kf6 33. Ra6+ Ke5 34. Ra5+ Ke6 35. Ra6+ Ke5 36. Ra5+ Kf6 37. Ra6+ Kg7 38. Ra7+ Kg6 39. Ra6+ Kh5 40. b4 Rxf2 41. b5 f4 42. a4 f3 43. Re6 Rxg2+ 44. Kh1 Re2 45. b6 Re1+ 46. Kh2 f2 47. Rf6 f1=Q 48.
Rxf1 Rxf1 49. a5 Rb1 50. Kg3 Rb3+ 51. Kf2 Rb5 52. Ke3 Rxa5 53. b7 Rb5 54. Kxe4 Rxb7 0-1

[Event "Early-Titled-Tuesday-Blitz-January-23-2024"]
[Site "Chess.com"]
[Date "2024.01.23"]
[Round "8"]
[White "HanSchut"]
[Black "diamonds13"]
[Result "1-0"]
[WhiteElo "2271"]
[BlackElo "2333"]
[TimeControl "180+1"]
[EndTime "9:26:38 PST"]
[Termination "HanSchut won by checkmate"]

1. e4 c5 2. Nf3 e6 3. c4 Nc6 4. Nc3 Nge7 5. d4 cxd4 6. Nxd4 Ng6 7. Ndb5 d6 8. h4 h5 9. Bg5 f6 10. Be3 a6 11. Nd4 Nce5 12. Be2 Be7 13. Bxh5 Kf8 14. f4 Nxc4 15. Bxg6 Nxe3 16. Qe2 e5 17. Qxe3 exd4 18.
Qxd4 Be6 19. h5 f5 20. exf5 Bf6 21. Qd3 Bg8 22. O-O-O Rc8 23. Rhe1 Bc4 24. Qxd6+ Qxd6 25. Rxd6 Bb5 26. Kb1 Bxc3 27. bxc3 Be8 28. g4 Bxg6 29. fxg6 Re8 30. Red1 Ke7 31. Rd7+ Ke6 32. R1d6# 1-0

[Event "Early-Titled-Tuesday-Blitz-January-23-2024"]
[Site "Chess.com"]
[Date "2024.01.23"]
[Round "8"]
[White "Kotlyar_K"]
[Black "jcmesafischer"]
[Result "1-0"]
[WhiteElo "2502"]
[BlackElo "2336"]
[TimeControl "180+1"]
[EndTime "9:26:39 PST"]
[Termination "Kotlyar_K won on time"]

1. e4 c5 2. Nf3 d6 3. d4 cxd4 4. Qxd4 Nf6 5. Nc3 Bd7 6. Bb5 Bxb5 7. Nxb5 Nc6 8. Qd3 Rc8 9. c3 Qd7 10. O-O g6 11. Nbd4 Bg7 12. Bd2 O-O 13. Rad1 Ne5 14.
Qe2 Nc4 15. Bc1 a6 16. b3 Na5 17. c4 Nc6 18. Bb2 Nxd4 19. Nxd4 b5 20. cxb5 axb5 21.
e5 dxe5 22. Qxe5 b4 23. h3 Qc7 24. Qe2 e6 25. Rc1 Qa7 26. Ba1 Nd5 27. Nb5 Qa5 28. Bxg7 Kxg7 29. Qb2+ 1-0

[Event "Early-Titled-Tuesday-Blitz-January-23-2024"]
[Site "Chess.com"]
[Date "2024.01.23"]
[Round "8"]
[White "Orphanator2009"]
[Black "Arlo2024"]
[Result "1-0"]
[WhiteElo "2475"]
[BlackElo "2304"]
[TimeControl "180+1"]
[EndTime "9:26:41 PST"]
[Termination "Orphanator2009 won by resignation"]

1. e4 e6 2. d4 d5 3. exd5 exd5 4. Bd3 Nc6 5. c3 Bd6 6. Ne2 Bg4 7. f3 Bh5 8. Bf4 Bxf4 9. Nxf4 Bg6 10. Nxg6 hxg6 11.
Nd2 Qg5 12. Qe2+ Nge7 13. O-O-O O-O-O 14. Kc2 Rde8 15. Qf2 Nf5 16. Nf1 Re7 17. Qd2 Qh5 18.
g4 Nfxd4+ 19. cxd4 Nxd4+ 20. Kb1 Qh3 21. Qb4 Nc6 22. Qf4 Rhe8 23. Ng3 Re3 24. Bb5 g5 25. Qf5+ Kb8 26. Bxc6 bxc6 27. Qxg5 Qxg3 28. hxg3 1-0

[Event "Early-Titled-Tuesday-Blitz-January-23-2024"]
[Site "Chess.com"]
[Date "2024.01.23"]
[Round "8"]
[White "rhungaski"]
[Black "KVAIDAN"]
[Result "1-0"]
[WhiteElo "2514"]
[BlackElo "2360"]
[TimeControl "180+1"]
[EndTime "9:26:44 PST"]
[Termination "rhungaski won by resignation"]

1. e4 e5 2. Nf3 d5 3. Nxe5 Bd6 4. d4 dxe4 5. Nc4 Nf6 6. Nc3 Nc6 7. Be2 Bf5 8. Be3 Be7 9. d5 Nb4 10. g4 Bg6 11. h4 h5 12. d6 Bxd6 13. a3 Nbd5 14. Nxd5 Nxd5 15. gxh5 Bf5 16. Qd4 Nxe3 17. Nxe3 Qd7 18.
O-O-O O-O-O 19. Rhg1 g6 20. hxg6 fxg6 21. Rxg6 Rxh4 22.
Qxa7 Qf7 23. Qa8+ Kd7 24. Rgxd6+ cxd6 25. Qxb7+ Ke8 26. Qxf7+ Kxf7 27. Nxf5 Rh2 28. Bc4+ Kf6 29. Nxd6 Ke5 30. Nf7+ Kf4 31. Nxd8 Rxf2 32. Ne6+ Ke5 33.
Nc5 e3 34. Nd3+ Ke4 35. Nxf2+ exf2 36. Rf1 1-0

[Event "Early-Titled-Tuesday-Blitz-January-23-2024"]
[Site "Chess.com"]
[Date "2024.01.23"]
[Round "8"]
[White "ama18"]
[Black "MKlose11"]
[Result "1-0"]
[WhiteElo "2537"]
[BlackElo "2645"]
[TimeControl "180+1"]
[EndTime "9:26:46 PST"]
[Termination "ama18 won by resignation"]

1. Nf3 Nf6 2. g3 g6 3. Bg2 Bg7 4. b3 c5 5. Bb2 Nc6 6. d4 cxd4 7. Nxd4 O-O 8. O-O Qc7 9. c4 d6 10. Nc3 Bd7 11. Rc1 Qa5 12. a3 Rfe8 13. b4 Qh5 14. Nxc6 Bxc6 15. e3 Qxd1 16. Rfxd1 Rac8 17. Bxc6 Rxc6 18. Nb5 a6 19. Nd4 Rc7 20. Nb3 Rec8 21. c5 Ne4 22. Bxg7 Kxg7 23. cxd6 Nxd6 24. Rxc7 Rxc7 25.
Rc1 Rxc1+ 26. Nxc1 Nb5 27. a4 Nc3 28. a5 Kf6 29.
Nd3 Nd5 30. e4 Nc3 31. f3 Na2 32. Kf2 Ke6 33. Ke3 Kd6 34. Kd4 f6 35. Kc4 Kc6 36.
Kb3 Kb5 37. Kxa2 Kc4 38. Nc5 Kxb4 39. Nxb7 Kb5 40. Kb3 Kc6 41. Nd8+ Kd7 42. Nf7 Ke6 43. Nd8+ Kd7 44. Nf7 Ke6 45. Nh8 Ke5 46. Kc4 f5 47. exf5 gxf5 48. Nf7+ Kf6 49. Nd8 e5 50. Nb7 e4 51.
fxe4 fxe4 52. Kd4 Kf5 53. Ke3 Kg4 54. Nc5 Kh3 55. Nxa6 h5 56. Nc5 h4 57. gxh4 1-0

[Event "Early-Titled-Tuesday-Blitz-January-23-2024"]
[Site "Chess.com"]
[Date "2024.01.23"]
[Round "8"]
[White "bubeliang"]
[Black "LeRoidesChampions"]
[Result "1-0"]
[WhiteElo "2800"]
[BlackElo "2633"]
[TimeControl "180+1"]
[EndTime "9:26:47 PST"]
[Termination "bubeliang won by resignation"]

1. e4 c5 2. c3 Nf6 3. e5 Nd5 4. Nf3 e6 5. d4 cxd4 6. cxd4 b6 7. Bc4 Ba6 8. Bxa6 Nxa6 9. O-O Nac7 10. Nc3 Nxc3 11. bxc3 d5 12. Bg5 Be7 13. Bxe7 Qxe7 14. Nd2 Rc8 15. f4 g6 16. c4 h5 17. Rc1 O-O 18. g4 hxg4 19. Qxg4 dxc4 20. Nxc4 Nd5 21. Nd6 Rcd8 22. Ne4 Kg7 23. Qg5 Qxg5+ 24. fxg5 Ne3 25. Nd6 Nxf1 26. Kxf1 Rd7 27. Kf2 Rh8 28. Kg3 Rhd8 29. Rc6 Kf8 30. Kf4 Ke7 31. Ke4 Rh8 32. Nc8+ Kf8 33.
Nd6 Rxh2 34. Rc8+ Kg7 35. Ne8+ 1-0

[Event "Early-Titled-Tuesday-Blitz-January-23-2024"]
[Site "Chess.com"]
[Date "2024.01.23"]
[Round "8"]
[White "bangchess21"]
[Black "VladimirKramnik"]
[Result "0-1"]
[WhiteElo "2789"]
[BlackElo "2943"]
[TimeControl "180+1"]
[EndTime "9:26:48 PST"]
[Termination "VladimirKramnik won by resignation"]

1. e4 c5 2. Nc3 e6 3. f4 Nc6 4.
Nf3 d5 5. Bb5 Ne7 6. exd5 exd5 7. Qe2 g6 8. b3 Bg7 9. Bxc6+ bxc6 10. Bb2 O-O 11. O-O Nf5 12. Qf2 c4 13. Rfe1 Qb6 14.
Ne5 Qxf2+ 15. Kxf2 Bxe5 16. Rxe5 f6 17. Ree1 Kf7 18.
Ba3 Rd8 19. Na4 h5 20. Nc5 Nd4 21. Rac1 Bf5 22. d3 Nb5 23. Bb4 a5 24. dxc4 dxc4 25. bxc4 axb4 26. cxb5 cxb5 27. Red1 Rxd1 28. Rxd1 Rxa2 29.
Rd4 Rxc2+ 30. Kf3 Rxc5 0-1

[Event "Early-Titled-Tuesday-Blitz-January-23-2024"]
[Site "Chess.com"]
[Date "2024.01.23"]
[Round "8"]
[White "ProChessWICTH"]
[Black "Vazabanga"]
[Result "0-1"]
[WhiteElo "2525"]
[BlackElo "2682"]
[TimeControl "180+1"]
[EndTime "9:26:48 PST"]
[Termination "Vazabanga won by resignation"]

1. e4 c5 2. Nf3 Nc6 3. Bb5 g6 4.
O-O Bg7 5. c3 Nf6 6. Re1 O-O 7. h3 Qb6 8. Ba4 d6 9. d4 Nd7 10. d5 Nce5 11. Na3 Nxf3+ 12. Qxf3 a6 13. Rb1 Qc7 14. Bxd7 Bxd7 15. Nc2 f5 16. Bg5 Rf7 17. Ne3 h6 18. Bf4 g5 19. Bh2 f4 20. Nc4 b5 21.
e5 Bf5 22. exd6 exd6 23. Nd2 Bxb1 24. Rxb1 Re8 25. a4 Rfe7 26. g3 fxg3 27. Bxg3 Qd7 28. Kg2 Rf7 29. Qh5 Qf5 30. Ra1 Qxd5+ 31. Nf3 Ref8 0-1